 Dungeon Crawl Stone Soup version 0.30.1-4-g462c640d31 (webtiles) character file.

Game seed: 12000740318575140757

78 booth the Chopper (level 4, -8/34 HPs)
             Began as a Demonspawn Gladiator on Aug 20, 2023.
             Mangled by a worm (10 damage)
             ... on level 3 of the Dungeon.
             The game lasted 00:08:16 (1653 turns).

booth the Chopper (Demonspawn Gladiator)            Turns: 1653, Time: 00:08:17

Health: -8/34      AC:  3    Str: 16    XL:     4   Next: 15%
Magic:  4/4        EV: 12    Int: 10    God:
Gold:   77         SH:  0    Dex: 14    Spells: 3/3 levels left

rFire   . . .        a - +0 war axe
rCold   . . .        (no shield)
rNeg    . . .        b - +0 leather armour
rPois   .            (helmet restricted)
rElec   .            (no cloak)
rCorr   .            (no gloves)
SInv    .            (no boots)
Will    .....        (no amulet)
Stlth   +            l - ring of willpower
HPRegen 0.25/turn    (no ring)
MPRegen 0.09/turn

%: no passive effects
@: weak-willed
A: horns 1, foul stench 1
a: no special abilities


You were on level 3 of the Dungeon.
You visited 1 branch of the dungeon, and saw 4 of its levels.

You collected 77 gold pieces.

Inventory:

Hand Weapons
 a - a +0 war axe (weapon)
Missiles
 d - 4 throwing nets (quivered)
 e - a javelin
 g - 3 poisoned darts
Armour
 b - a +0 leather armour (worn)
 c - a +0 helmet
Jewellery
 f - a ring of fire
 l - a ring of willpower (left hand)
Scrolls
 h - a scroll of identify
 i - a scroll of amnesia
 j - a scroll of vulnerability
Potions
 m - a potion of attraction


   Skills:
 + Level 2.7 Fighting
 + Level 3.2 Axes
 + Level 2.4 Throwing
 + Level 3.2 Dodging


You had 3 spell levels left.
You didn't know any spells.
Your spell library contained the following spells:

 Spells                   Type           Power      Damage    Failure   Level
 Slow                     Hex            0%         N/A       43%         1
 Confusing Touch          Hex            0%         N/A       80%         3
 Vampiric Draining        Necr           0%         2d6       80%         3


Dungeon Overview and Level Annotations

Branches:
Dungeon (4/15)
 Temple: D:4-7

Altars:
Gozag


Innate Abilities, Weirdness & Mutations

You have a pair of small horns on your head.
You may rarely emit foul miasma when damaged in melee.


Message History

Deactivating autopickup; reactivate with Ctrl-A.
An orc comes into view. It is wielding a +0 club. x2
The orc misses you. x2
The hobgoblin shouts!
You barely miss the orc. Your headbutt misses the orc.
The orc is heavily wounded.
You hit the orc. The orc hits you but does no damage.
An orc wizard comes into view. It is wielding a +0 dagger.
The orc hits you but does no damage.
The orc wizard shouts!
You hit the orc but do no damage. Your headbutt misses the orc.
The orc is heavily wounded.
You closely miss the orc. The orc barely misses you. x2
The orc closely misses you. The orc hits you with a +0 falchion.
* * * LOW HITPOINT WARNING * * *
An endoplasm comes into view.
Okay, then.
Really read the scroll of vulnerability?
As you read the scroll of vulnerability, it crumbles to dust.
Magic quickly surges around you. The orc hits you but does no damage.
You slash the orc!
You kill the orc!
You miss something. You barely miss the worm.
The worm bites you but does no damage. The ball python bites you.
* * * LOW HITPOINT WARNING * * *
The ball python misses you.
You slash the worm!
The worm is moderately wounded.
You barely miss the ball python. You miss something.
Something hits you but does no damage. The ball python bites you.
* * * LOW HITPOINT WARNING * * *
The ball python misses you.
You hit the worm but do no damage. You punch the worm.
The worm is heavily wounded.
You closely miss something. You hit the ball python.
The ball python misses you. The ball python closely misses you.
Something hits you.
* * * LOW HITPOINT WARNING * * *
You emit a cloud of foul miasma!
The worm bites you!
You die...

.....#...#
#....#...# .##
#........
....#......# #
....#.....##.##
#)oo.J.......
#o#K.......
#{wSgg$.###
#.@#....+
####....# ....#
#...# ...# ##.#
.#


You could see a kobold brigand (weak-willed), a worm (weak-willed), an orc
wizard, 2 orcs, an endoplasm (weak-willed), a hobgoblin, a goblin (weak-willed)
and a ball python (weak-willed).

Vanquished Creatures
  A hound (D:3)
  An adder (D:2)
  A dart slug (D:1)
  An orc (D:3)
  4 ball pythons
  3 bats
  2 endoplasms
  6 goblins
  3 hobgoblins (D:2)
  3 quokkas
  A frilled lizard (D:1)
  5 kobolds
  3 rats
34 creatures vanquished.

Notes
Turn   | Place    | Note
-------+----------+-------------------------------------------
     0 | D:1      | booth the Demonspawn Gladiator began the quest for the Orb.
     0 | D:1      | Reached XP level 1. HP: 16/16 MP: 1/1
   204 | D:1      | Gained mutation: You may rarely emit foul miasma when
                  | damaged in melee. [demonic ancestry]
   204 | D:1      | Reached XP level 2. HP: 22/22 MP: 2/2
  1245 | D:2      | Reached XP level 3. HP: 28/28 MP: 3/3
  1347 | D:2      | Found an opulent altar of Gozag.
  1573 | D:2      | You fall into a shaft and drop 2 floors!
  1640 | D:3      | Noticed a kobold brigand
  1647 | D:3      | Gained mutation: You have a pair of small horns on your
                  | head. [demonic ancestry]
  1647 | D:3      | Reached XP level 4. HP: 10/34 MP: 4/4
  1653 | D:3      | Mangled by a worm

Illustrated notes

Levels and vault maps discovered:
D:1:      dpeg_arrival_pits, layout_basic, chequers_serial_rivers_micro_d,
          minivault_26
D:2:      cheibrodos_greedy_goblins, layout_loops_cross, basic_altar,
          wander_ebering_terrifying_dragon_lair
D:3:      layout_basic, ebering_ecumenical_altar_rust
D:4:      layout_loops_corners, tso_metal_star, minmay_statues_item,
          kennysheep_flooded_box

Skill      XL: |  1  2 |
---------------+-------+-----
Throwing       | 2 |  2.4
Axes           | 3 |  3.2
Dodging        | 3 |  3.2
Fighting       | |  2.7

Action                     |  1- 3 |  4- 6 || total
---------------------------+-------+-------++-------
  Melee: War axe           |    97 |     6 ||   103
         Punch             |     1 |     1 ||     2
    Use: Scroll            |     7 |     1 ||     8
         Potion            |     3 |       ||     3
 Armour: Leather armour    |    34 |     5 ||    39
  Dodge: Dodged            |    86 |     9 ||    95
